 Dungeon Crawl Stone Soup version 0.28-a0-511-gcc94558de3 (webtiles) character file.

Game seed: 2984176441723037116

14 bande the Skirmisher (level 2, 0/20 HPs)
             Began as a Gargoyle Fighter on Sept 22, 2021.
             Hit by a stone thrown by a kobold (2 damage)
             ... on level 1 of the Dungeon.
             The game lasted 00:00:39 (299 turns).

bande the Skirmisher (Gargoyle Fighter)              Turns: 299, Time: 00:00:40

Health: 0/20       AC:  9    Str: 19    XL:     2   Next: 45%
Magic:  2/2        EV:  9    Int:  8    God:
Gold:   0          SH:  9    Dex:  9    Spells: 1/1 levels left

rFire   . . .      SeeInvis .   a - +0 war axe
rCold   . . .      Faith    .   c - +0 buckler
rNeg    + . .      Spirit   .   b - +0 scale mail
rPois   ∞          Reflect  +   (no helmet)
rElec   +          Harm     .   (no cloak)
rCorr   .          Rampage  .   (no gloves)
Will    .....                   (no boots)
Stlth   ..........              g - amulet of reflection
HPRegen 0.06/turn               (no ring)
MPRegen 0.08/turn               (no ring)

@: no status effects
A: sickness immunity, AC +2, negative energy resistance 1, electricity
resistance, torment resistance 1, petrification resistance
a: no special abilities


You were on level 1 of the Dungeon.
You visited 1 branch of the dungeon, and saw 1 of its levels.

Inventory:

Hand Weapons
 a - a +0 war axe (weapon)
Armour
 b - a +0 scale mail (worn)
 c - a +0 buckler (worn)
 h - a +1 chain mail of poison resistance
Jewellery
 f - a ring of wizardry
 g - an amulet of reflection (around neck)
Potions
 d - a potion of might
 e - 2 potions of degeneration {unknown}


   Skills:
 + Level 3.7 Fighting
 + Level 1.8 Axes
 + Level 3.5 Armour
 + Level 3.4 Shields


You had one spell level left.
You didn't know any spells.
Your spell library was empty.

Dungeon Overview and Level Annotations

Branches:
Dungeon (1/15)

Altars:


Innate Abilities, Weirdness & Mutations

You are immune to sickness and miasma.
Your stone body is resilient. (AC +2)
You are immune to poison.
You resist negative energy. (rN+)
You are resistant to electric shocks. (rElec)
You are resistant to unholy torment.
You are immune to petrification.


Message History

You hit the bat but do no damage. You miss the kobold.
The bat barely misses you. The bat hits you but does no damage.
The quokka closely misses you. You block the kobold's attack.
The bat barely misses you. You block the quokka's attack.
Unknown command.
You hit the quokka.
The quokka is heavily wounded.
You miss the bat. You barely miss the kobold. You block the bat's attack.
The bat hits you but does no damage. x2
The kobold hits you but does no damage.
The quokka bites you but does no damage.
The kobold hits you but does no damage.
You completely miss the quokka.
The quokka is heavily wounded.
You closely miss the kobold. You miss the bat.
The bat hits you but does no damage. You block the quokka's attack.
The kobold closely misses you.
The quokka bites you but does no damage.
You block the bat's attack.
You hit the quokka.
You kill the quokka!
You barely miss the kobold. You barely miss the bat. The bat barely misses you.
You block the kobold's attack. The kobold hits you with a +0 dagger.
* * * LOW HITPOINT WARNING * * *
You slash the kobold!
You kill the kobold!
You block the bat's attack. The bat hits you but does no damage.
You hit the bat.
You kill the bat!
You see here a bat corpse.
A kobold comes into view. It is wielding a +0 short sword.
You see here a +1 chain mail of poison resistance.
h - a +1 chain mail of poison resistance The kobold shouts!
The kobold throws a stone.
The stone hits you.
* * * LOW HITPOINT WARNING * * *
The kobold throws a stone.
The stone hits you but does no damage.
The kobold throws a stone.
The stone hits you.
You die...

..........########.....
.....(....#...........
..........#...........#
..........#...........#
..........#...........#
..........#...........#
†).#......##.....#....#
.........##......#....#.
................@.......
.........##.............
.........##....†........
...########...).......##
..............††......#
......................#
..............K......##
.......................#
...........!##.......#.#


You could see a kobold.

Vanquished Creatures
  2 endoplasms (D:1)
  A giant cockroach (D:1)
  A goblin (D:1)
  A quokka (D:1)
  2 ball pythons (D:1)
  4 bats (D:1)
  A kobold (D:1)
  A rat (D:1)
13 creatures vanquished.

Notes
Turn   | Place    | Note
-------+----------+-------------------------------------------
     0 | D:1      | bande the Gargoyle Fighter began the quest for the Orb.
     0 | D:1      | Reached XP level 1. HP: 14/14 MP: 1/1
   222 | D:1      | Reached XP level 2. HP: 20/20 MP: 2/2
   294 | D:1      | HP: 1/20 [kobold/stone (1)]
   299 | D:1      | Hit by a stone thrown by a kobold

Illustrated notes

Levels and vault maps discovered:
D:1:      giann_horns, layout_basic, dreamdust_ecumenical_altar_statues

Action                   || total
-------------------------++-------
Melee: War axe           ||    26
Armor: Scale mail        ||    27
Dodge: Dodged            ||    20
Block: Buckler           ||    24

Table legend: (Time is in decaauts)
 A = Elapsed time spent in this place.
 B = Non-inter-level travel time spent in this place.
 C = Inter-level travel time spent in this place.
 D = Time resting spent in this place.
 E = Time spent auto-exploring this place.
 F = Levels seen in this place.
 G = Mean time per level.
                   A        B        C        D        E       F      G
               +--------+--------+--------+--------+--------+-----+--------+
         Total |    310 |    310 |      0 |      0 |    232 |   1 |  310.0 |
       Dungeon |    310 |    310 |      0 |      0 |    232 |   1 |  310.0 |
               +--------+--------+--------+--------+--------+-----+--------+

Top non-repeatable levels by time:
     D:1: 310 daAuts
